 Dungeon Crawl Stone Soup version 0.21-a0-338-g36cf2fc (console) character file.

3099 flowsnake the Cruncher (level 9, -4/71 HPs)
             Began as a Gnoll Gladiator on Oct 3, 2017.
             Was an Elder of Okawaru.
             Killed by divine providence
             ... invoked by an orc priest
              (13 damage)
             ... on level 7 of the Dungeon.
             The game lasted 00:22:45 (8647 turns).

flowsnake the Cruncher (Gnoll Gladiator)            Turns: 8647, Time: 00:22:46

Health: -4/71      AC:  4    Str: 17    XL:     9   Next: 90%
Magic:  24/24      EV: 17    Int: 13    God:    Okawaru [****..]
Gold:   535        SH:  0    Dex: 17    Spells: 17/17 levels left

rFire    . . .     SeeInvis .   a - +1 quarterstaff (crush)
rCold    + . .     Gourm    .   (shield currently unavailable)
rNeg     + . .     Faith    .   q - +0 leather armour
rPois    +         Spirit   .   k - +0 helmet
rElec    .         Reflect  .   (no cloak)
rCorr    .         Harm     .   (no gloves)
MR       .....                  (no boots)
Stlth    +++.......             (no amulet)
HPRegen  0.21/turn              c - ring of poison resistance
MPRegen  0.19/turn              C - ring of Fuexto {rC+ rN+ MP+9}

@: lethally poisoned (-4 -> -6)
A: distributed training, fangs 1, strong nose
a: Heroism, Renounce Religion


You were on level 7 of the Dungeon.
You worshipped Okawaru.
Okawaru was greatly pleased with you.
You were not hungry.

You visited 1 branch of the dungeon, and saw 7 of its levels.
You also visited: Sewer.

You collected 535 gold pieces.

Inventory:

Hand Weapons
 a - a +1 quarterstaff of crushing (weapon)
 b - a +1 short sword of electrocution
Missiles
 d - 3 throwing nets
 y - 4 tomahawks (quivered)
Armour
 k - a +0 helmet (worn)
 q - a +0 leather armour (worn)
Jewellery
 c - a ring of poison resistance (left hand)
 o - a +4 ring of dexterity
 A - an uncursed ring of magical power
 C - the ring of Fuexto (right hand) {rC+ rN+ MP+9}
   (You found it on level 6 of the Dungeon)

   [ring of magical power]

   It protects you from cold.
   It protects you from negative energy.
   It affects your magic capacity (+9).
 E - a +3 ring of protection {unknown}
Wands
 l - a wand of enslavement (5/24)
 p - a wand of iceblast (14/15)
 s - a wand of flame (16/48)
 w - a wand of random effects (22/48)
 x - a wand of paralysis (15/24)
Scrolls
 e - 5 scrolls of remove curse
 h - 4 scrolls of teleportation
 t - 2 scrolls of fear
 v - 3 scrolls of amnesia
 D - a scroll of fog
Potions
 g - 6 potions of curing
 i - 3 potions of haste
 n - 7 potions of heal wounds
 r - a potion of lignification
 u - a potion of mutation
 B - a potion of magic {unknown}
 F - a potion of might {unknown}
 G - a potion of flight {unknown}
Comestibles
 f - a bread ration
 j - 5 royal jellies
 m - 3 meat rations
 z - 2 chunks of flesh


   Skills:
 + Level 6.5 Fighting
 + Level 4.6 Short Blades
 + Level 4.6 Long Blades
 + Level 4.6 Axes
 + Level 4.6 Maces & Flails
 + Level 4.6 Polearms
 + Level 8.1 Staves
 + Level 4.6 Slings
 + Level 4.6 Bows
 + Level 4.6 Crossbows
 + Level 6.5 Throwing
 + Level 4.6 Armour
 + Level 8.1 Dodging
 + Level 4.6 Stealth
   Level 0.0 Stabbing
 + Level 4.6 Shields
   Level 0.0 Traps
 + Level 4.6 Unarmed Combat
 + Level 4.6 Spellcasting
 + Level 4.6 Conjurations
 + Level 4.6 Hexes
 + Level 4.6 Charms
 + Level 4.6 Summonings
 + Level 4.6 Necromancy
 + Level 4.6 Translocations
 + Level 4.6 Transmutations
 + Level 4.6 Fire Magic
 + Level 4.6 Ice Magic
 + Level 4.6 Air Magic
 + Level 4.6 Earth Magic
 + Level 4.6 Poison Magic
 + Level 4.6 Invocations
 + Level 4.6 Evocations


You had 17 spell levels left.
You didn't know any spells.

Dungeon Overview and Level Annotations

Branches:
Dungeon (7/15)             Temple (0/1) D:5

Altars:
Elyvilon
Gozag
Nemelex Xobeh
Okawaru
Trog
Zin


Innate Abilities, Weirdness & Mutations

Your experience applies equally to all skills.
You have very sharp teeth.
Your uncanny sense of smell can sniff out nearby items.


Message History

Beogh smites you!
You sock the worker ant!
You kill the worker ant!
Okawaru accepts your kill.
You hit the orc warrior.
The orc warrior is lightly wounded.
The orc priest invokes the aid of Beogh against you.
Beogh smites you!
* * * LOW HITPOINT WARNING * * *
The orc warrior closely misses you.
You closely miss the orc warrior. Your bite misses the orc warrior.
The orc warrior is lightly wounded.
You feel sick.
The orc warrior hits you with a hand axe.
* * * LOW HITPOINT WARNING * * *
You completely miss the orc warrior.
The orc warrior is lightly wounded.
The orc priest invokes the aid of Beogh against you.
Beogh smites you!
You die...

█·····█·······██···················█
██············!████·················█
██··································███·█
███··········███·········█···········██ █·█
····█············█··██····█·········██ █·█
···········█················█·······█ █·█
·················█··········█·······█ █·█
·················████████···········█████·█
···················█████·····██········██·██
·········█·······█····██·····██··(··██··█··████
····█····██······████·██·█···██·····███·······█
█·····█████······████····██·····█·)·█ ████·████
█·<)··)···)·························█ █·██
····[··██········█····█······█··█·····████o·█
····█··███·······██··██······█··█··██··gooh·███
···███·█ ██<····███······█··)······████████···█
····█··█ ██···██ █··············(·█ ██··█
███···██ ███████████·███··········█


██o█ █ ██·██ ███·······█ █··········█ ██··█ ███···██ ███···███████ █············
██··h█ ·█··█··█ █···███ █······[···██████··█·█ ···███·█ █·███
█·················██··█ ·█··█··█ ███·█ █·················███·█ ███···████···█
███·████·█·········█ ·█ ····█████··██████ █·········█ ·█ ··················∆
··········█ ·█ ··█████··█████████ ··········█ ?█ █···█ █·██ ··········█
███·███>█ █········██ You could see an orc warrior, a howler monkey and 2 orc
priests.

Vanquished Creatures
  An ice beast (D:7)
  A sky beast (D:7)
  7 ogres
  4 centaurs
  A crocodile (Sewer)
  2 big kobolds (D:6)
  2 bullfrogs (D:6)
  6 scorpions
  3 howler monkeys
  7 orc priests
  7 orc wizards
  6 hounds
  3 jellies
  A bullfrog skeleton (D:6)
  A gnoll shaman (D:6)
  5 worker ants
  An iguana (D:4)
  A hound zombie (D:7)
  6 gnolls (D:6)
  2 howler monkey skeletons
  9 adders
  A river rat (D:3)
  2 shadow imps (D:5)
  2 oozes
  An adder skeleton (D:4)
  An adder zombie (D:5)
  8 worms
  2 dart slugs
  5 leopard geckos
  22 orcs
  8 giant cockroaches
  3 goblins (D:3)
  16 hobgoblins
  12 jackals
  24 kobolds
  A quokka (D:6)
  2 ball pythons
  8 bats
  8 frilled lizards
  A giant cockroach zombie (D:5)
  A jackal skeleton (D:7)
  A leopard gecko zombie (D:7)
  10 rats
215 creatures vanquished.

Notes
Turn   | Place    | Note
-------+----------+-------------------------------------------
     0 | D:1      | flowsnake the Gnoll Gladiator began the quest for the Orb.
     0 | D:1      | Reached XP level 1. HP: 20/20 MP: 1/1
   169 | D:1      | Reached XP level 2. HP: 26/26 MP: 2/2
   529 | D:1      | Reached XP level 3. HP: 21/31 MP: 3/3
  1085 | D:2      | Reached skill level 1 in Short Blades
  1085 | D:2      | Reached skill level 1 in Long Blades
  1085 | D:2      | Reached skill level 1 in Axes
  1085 | D:2      | Reached skill level 1 in Maces & Flails
  1085 | D:2      | Reached skill level 1 in Polearms
  1085 | D:2      | Reached skill level 1 in Slings
  1085 | D:2      | Reached skill level 1 in Bows
  1085 | D:2      | Reached skill level 1 in Crossbows
  1085 | D:2      | Reached skill level 1 in Armour
  1085 | D:2      | Reached skill level 1 in Stealth
  1085 | D:2      | Reached skill level 1 in Shields
  1085 | D:2      | Reached skill level 1 in Unarmed Combat
  1085 | D:2      | Reached skill level 1 in Spellcasting
  1085 | D:2      | Reached skill level 1 in Conjurations
  1085 | D:2      | Reached skill level 1 in Hexes
  1085 | D:2      | Reached skill level 1 in Charms
  1085 | D:2      | Reached skill level 1 in Summonings
  1085 | D:2      | Reached skill level 1 in Necromancy
  1085 | D:2      | Reached skill level 1 in Translocations
  1085 | D:2      | Reached skill level 1 in Transmutations
  1085 | D:2      | Reached skill level 1 in Fire Magic
  1085 | D:2      | Reached skill level 1 in Ice Magic
  1085 | D:2      | Reached skill level 1 in Air Magic
  1085 | D:2      | Reached skill level 1 in Earth Magic
  1085 | D:2      | Reached skill level 1 in Poison Magic
  1085 | D:2      | Reached skill level 1 in Invocations
  1085 | D:2      | Reached skill level 1 in Evocations
  1085 | D:2      | Reached XP level 4. HP: 27/38 MP: 5/5
  1623 | D:2      | Found an iron altar of Okawaru.
  1633 | D:2      | Became a worshipper of Warmaster Okawaru
  2043 | D:3      | Reached XP level 5. HP: 43/43 MP: 6/6
  2319 | D:3      | Found a glowing drain.
  2356 | Sewer    | Entered a sewer
  2532 | Sewer    | Noticed a crocodile
  2546 | Sewer    | Killed a crocodile
  2546 | Sewer    | Reached * piety under Okawaru
  2546 | Sewer    | Reached XP level 6. HP: 9/50 MP: 8/8
  3402 | D:4      | Found an opulent altar of Gozag.
  3452 | D:4      | Reached skill level 5 in Fighting
  3452 | D:4      | Reached skill level 5 in Throwing
  3622 | D:4      | Reached XP level 7. HP: 37/56 MP: 10/10
  4341 | D:5      | Entered Level 5 of the Dungeon
  4361 | D:5      | Reached ** piety under Okawaru
  4380 | D:5      | Reached XP level 8. HP: 21/63 MP: 12/12
  4751 | D:5      | Found a staircase to the Ecumenical Temple.
  5818 | D:5      | Found a glowing silver altar of Zin.
  6168 | D:6      | Reached *** piety under Okawaru
  6289 | D:6      | Reached XP level 9. HP: 22/69 MP: 14/14
  6361 | D:6      | HP: 1/69 [something/puff of flame (11)]
  6901 | D:6      | Found a white marble altar of Elyvilon.
  7171 | D:6      | Got a warped tin ring
  7212 | D:6      | Found a bloodstained altar of Trog.
  7287 | D:6      | Found a sparkling altar of Nemelex Xobeh.
  7532 | D:7      | Reached **** piety under Okawaru
  8239 | D:7      | Identified the ring of Fuexto {rC+ rN+ MP+9} (You found it on level 6 of the Dungeon)
  8647 | D:7      | Killed from afar by an orc priest

Vault maps used:
D:1:      lightli_arrival_isolated_outpost
D:2:      nicolae_overflow_crystal_walls, first_bread, kennysheep_generic_room_6
D:3:      portal_sewer_entry_b
D:4:      nicolae_gozag_seed_capital
D:5:      zin_statuary, minmay_temple_entry_crystal_x
D:6:      kennysheep_housing_project, lemuel_crystal_altar,
          kennysheep_mini_moat, elyvilon_altar_3
D:7:      serial_shops, kennysheep_little_box, minmay_strange_pillars
Sewer:    sewer_the_crocodile

Skill      XL: |  1  2  3  4  5  6  7  8  9 |
---------------+----------------------------+-----
Short Blades   | 1 2 3 4 |  4.6
Long Blades    | 1 2 3 4 |  4.6
Axes           | 1 2 3 4 |  4.6
Maces & Flails | 1 2 3 4 |  4.6
Polearms       | 1 2 3 4 |  4.6
Slings         | 1 2 3 4 |  4.6
Bows           | 1 2 3 4 |  4.6
Crossbows      | 1 2 3 4 |  4.6
Armour         | 1 2 3 4 |  4.6
Stealth        | 1 2 3 4 |  4.6
Shields        | 1 2 3 4 |  4.6
Unarmed Combat | 1 2 3 4 |  4.6
Spellcasting   | 1 2 3 4 |  4.6
Conjurations   | 1 2 3 4 |  4.6
Hexes          | 1 2 3 4 |  4.6
Charms         | 1 2 3 4 |  4.6
Summonings     | 1 2 3 4 |  4.6
Necromancy     | 1 2 3 4 |  4.6
Translocations | 1 2 3 4 |  4.6
Transmutations | 1 2 3 4 |  4.6
Fire Magic     | 1 2 3 4 |  4.6
Ice Magic      | 1 2 3 4 |  4.6
Air Magic      | 1 2 3 4 |  4.6
Earth Magic    | 1 2 3 4 |  4.6
Poison Magic   | 1 2 3 4 |  4.6
Invocations    | 1 2 3 4 |  4.6
Evocations     | 1 2 3 4 |  4.6
Fighting       | 5 6 |  6.5
Throwing       | 5 6 |  6.5
Staves         | 7 8 |  8.1
Dodging        | 7 8 |  8.1

Action                   |  1- 3 |  4- 6 |  7- 9 || total
-------------------------+-------+-------+-------++-------
Melee: Quarterstaff      |    80 |    39 |   410 ||   529
       Bite              |    11 |    21 |    64 ||    96
       Short sword       |       |   140 |       ||   140
       Punch             |       |     1 |       ||     1
  Use: Scroll            |     7 |     9 |     6 ||    22
       Potion            |       |       |     3 ||     3
 Stab: Distracted        |     1 |       |     1 ||     2
       Sleeping          |       |     1 |    12 ||    13
  Eat: Chunk             |     1 |     8 |    12 ||    21
       Bread ration      |       |       |     1 ||     1
Armor: Leather armour    |    15 |    25 |    40 ||    80
Dodge: Dodged            |    68 |   157 |   333 ||   558

Table legend:
 A = Spawn XP
 B = Non-spawn XP
 C = Spawn XP percentage of total XP
 D = Spawn monster count
 E = Non-spawn monster count
 F = Spawn count percentage of total count
 G = Total turns spent on level
                    A         B        C        D         E        F      G
               +---------+---------+-------+---------+---------+-------+---------
         Total |       0 |    4428 |   0.0 |       0 |     215 |   0.0 |  8647
               +---------+---------+-------+---------+---------+-------+---------
           D:1 |       0 |      44 |   0.0 |       0 |      29 |   0.0 |   936
           D:2 |       0 |     108 |   0.0 |       0 |      22 |   0.0 |   865
           D:3 |       0 |     102 |   0.0 |       0 |      31 |   0.0 |  1064
           D:4 |       0 |     596 |   0.0 |       0 |      26 |   0.0 |  1004
           D:5 |       0 |    1118 |   0.0 |       0 |      41 |   0.0 |  1789
           D:6 |       0 |    1269 |   0.0 |       0 |      39 |   0.0 |  1363
           D:7 |       0 |    1072 |   0.0 |       0 |      21 |   0.0 |  1154
         Sewer |       0 |     119 |   0.0 |       0 |       6 |   0.0 |   472
               +---------+---------+-------+---------+---------+-------+---------
